Map: Romanticide LE

Players

INnoVation - Winner!

  • Race: Terran Terran

Scarlett

  • Race: Zerg Zerg

Event: DreamHack SC2 Masters 2021 Summer

VOD

Have the link to the VOD?

Description

Time

  • Played on: July 3, 2021, 11:57 a.m.
  • Length: 23:58

All games in this series

Show
View Real Time Build Order
Export as new Build Order

INnoVation Terran - Winner!

Build Orders:  

Get SALT Encoding   

  12  0:00  SCV  
  13  0:13  Supply Depot  
  13  0:18  SCV  
  14  0:36  Barracks  
  14  0:48  Barracks  
  14  0:52  SCV  
  15  1:04  SCV  
  15  1:05  Refinery  
  16  1:16  SCV  
  17  1:23  Marine  
  18  1:32  Orbital Command  
  18  1:36  Marine  
  18  1:40  Marine  
  19  1:47  Supply Depot  
  19  1:54  Marine  
  19  1:58  Marine  
  19  1:59  SCV  
  22  2:08  Bunker  
  22  2:12  Marine  
  22  2:14  SCV  
  24  2:16  Marine  
  25  2:25  Factory  
  24  2:32  Marine  
  24  2:34  Marine  
  24  2:35  SCV  
  23  2:47  SCV  
  23  2:50  Marine  
  23  2:52  Marine  
  23  2:59  SCV  
  24  3:09  Factory Reactor  
  24  3:11  SCV  
  25  3:14  Command Center  
  25  3:24  SCV  
  26  3:27  Starport  
  26  3:31  Supply Depot  
  26  3:34  Refinery  
  26  3:36  SCV  
  27  3:45  Hellion  
  27  3:48  Hellion  
  31  3:52  SCV  
  32  4:04  SCV, Medivac  
  32  4:06  Hellion  
  37  4:11  Hellion  
  39  4:26  SCV  
  39  4:28  Fusion Core  
  40  4:34  Hellion  
  40  4:38  SCV  
  43  4:41  Orbital Command  
  43  4:43  Starport Tech Lab  
  43  4:53  SCV  
  43  4:54  Supply Depot  
  44  5:05  SCV  
  45  5:07  SCV  
  46  5:17  SCV  
  46  5:20  SCV  
  46  5:27  Battlecruiser  
  52  5:28  Hellion x2  
  52  5:29  SCV  
  52  5:32  SCV  
  50  5:41  SCV  
  51  5:44  SCV  
  51  5:47  Command Center  
  52  5:52  Supply Depot  
  52  5:55  SCV  
  52  5:56  SCV  
  54  5:57  Barracks Reactor, Barracks Tech Lab  
  54  6:03  Hellion x2  
  58  6:07  SCV  
  58  6:08  SCV  
  60  6:15  Engineering Bay  
  60  6:16  Engineering Bay, Stimpack  
  60  6:20  SCV x2  
  60  6:24  Refinery  
  62  6:26  Refinery  
  62  6:34  SCV x2  
  64  6:40  Barracks, Starport Reactor  
  64  6:44  Terran Infantry Weapons Level 1  
  64  6:45  Terran Infantry Armor Level 1  
  64  6:46  SCV x2  
  66  6:48  Marine x2  
  66  6:49  Marine  
  69  6:57  Supply Depot  
  69  6:58  SCV x2  
  69  6:59  Orbital Command  
  71  7:03  Siege Tank  
  74  7:11  SCV x2  
  74  7:12  Barracks  
  74  7:14  Barracks  
  76  7:16  Marine x3  
  76  7:20  Orbital Command  
  79  7:25  SCV x2  
  79  7:29  Marine, Medivac x2  
  85  7:30  Marine  
  85  7:33  Marine  
  85  7:34  Marine x2  
  90  7:39  Supply Depot  
  90  7:40  SCV x2  
  90  7:41  Supply Depot  
  92  7:48  SCV, Armory  
  93  7:54  Supply Depot  
  93  7:55  Combat Shield  
  93  8:00  Barracks Reactor x2, SCV x2, Siege Tank  
  93  8:01  Supply Depot  
  93  8:03  Marine x5  
  103  8:07  SCV  
  103  8:12  SCV x2  
  106  8:18  Supply Depot  
  106  8:21  Marine x3, Supply Depot  
  106  8:22  Medivac x2  
  106  8:24  Marine x2  
  106  8:25  SCV  
  116  8:27  SCV  
  116  8:28  SCV  
  118  8:37  Siege Tank  
  118  8:38  Marine x4  
  118  8:39  Marine x2  
  127  8:44  Supply Depot  
  127  8:45  Marine, Supply Depot  
  124  8:57  Marine x2  
  124  8:58  Marine x6  
  124  9:01  Terran Infantry Weapons Level 2  
  132  9:03  Marine  
  133  9:11  Terran Infantry Armor Level 2  
  133  9:13  Refinery  
  133  9:15  Refinery, Marine x6  
  133  9:16  Marine x2  
  141  9:20  Marine  
  141  9:23  Siege Tank  
  142  9:29  SCV x2  
  135  9:33  Marine x6  
  141  9:39  SCV  
  141  9:41  SCV x2  
  142  9:49  Terran Vehicle Weapons Level 1  
  142  9:50  Factory  
  142  9:51  SCV  
  143  9:53  SCV x2, Supply Depot  
  143  9:54  Supply Depot  
  143  9:55  Sensor Tower  
  145  10:01  Siege Tank  
  145  10:03  Medivac  
  145  10:05  Medivac  
  152  10:08  SCV x3  
  155  10:16  Command Center  
  155  10:21  Marine x5  
  149  10:28  Marine x3, Supply Depot  
  157  10:33  Medivac  
  159  10:35  Medivac  
  159  10:36  Factory Tech Lab  
  159  10:40  Siege Tank  
  159  10:41  Marine x4  
  159  10:42  Marine  
  169  10:44  Marine  
  169  10:46  Marine x3  
  173  10:58  Siege Tank  
  173  10:59  Marine x4  
  173  11:00  Marine  
  173  11:01  Marine  
  173  11:03  Marine  
  173  11:04  Marine x2  
  177  11:10  Medivac x2  
  175  11:12  Siege Tank  
  175  11:17  Marine x4  
  175  11:18  Marine  
  181  11:20  Terran Infantry Weapons Level 3  
  181  11:28  Marine x4  
  181  11:30  SCV x2, Siege Tank  
  181  11:31  SCV  
  191  11:34  Marine  
  191  11:35  Terran Infantry Armor Level 3, Marine x3  
  191  11:36  Marine  
  196  11:45  Marine x4  
  179  11:52  Marine x2  
  179  11:53  Marine x3  
  174  11:55  SCV  
  174  11:56  SCV x2  
  174  11:58  Medivac x2  
  166  12:03  Marine x4  
  166  12:05  Planetary Fortress  
  166  12:08  SCV x3  
  173  12:16  Siege Tank  
  173  12:17  Siege Tank  
  179  12:28  Medivac x2  
  179  12:29  Marine x3  
  180  12:30  Marine x3  
  184  12:41  Barracks, Terran Vehicle Weapons Level 2  
  184  12:42  Barracks  
  184  12:44  Barracks  
  184  12:45  Concussive Shells  
  184  12:47  Marauder, Marine x3  
  189  12:53  Siege Tank  
  189  12:57  Refinery  
  192  13:00  Marine x2  
  192  13:01  Marine x2  
  192  13:03  Marine  
  192  13:04  Marine  
  192  13:05  Marine x2  
  190  13:06  SCV  
  190  13:07  SCV x2  
  190  13:08  Marauder  
  195  13:18  Marine  
  196  13:23  Siege Tank  
  196  13:28  Sensor Tower  
  196  13:30  Barracks Tech Lab  
  196  13:31  Barracks Tech Lab x2  
  196  13:38  Marine  
  196  13:45  Command Center  
  196  13:46  Marauder  
  195  13:50  Marine  
  195  13:52  Marine x3  
  195  13:53  Marine, Medivac x2  
  195  13:54  Marauder  
  196  14:03  Marine  
  196  14:05  Marine  
  196  14:07  Marine  
  196  14:20  Marauder  
  189  14:33  Medivac  
  189  14:34  Medivac, Siege Tank  
  189  14:35  Marauder x2, Marine  
  189  14:36  Marine x4  
  189  14:37  Marine x3  
  187  14:38  Siege Tank  
  187  14:44  Barracks Tech Lab  
  187  14:46  Barracks  
  187  14:53  Marine  
  187  14:56  Marine x6  
  187  14:57  Marauder x2, Marine  
  199  15:04  Medivac x2  
  199  15:06  Siege Tank  
  198  15:14  Marine x2  
  198  15:15  Siege Tank  
  198  15:17  Marine  
  198  15:18  Marauder  
  198  15:21  Marine x7  
  198  15:32  Marine x2  
  194  15:36  Barracks Tech Lab  
  194  15:37  Marine  
  194  15:39  Marauder, Marine x5  
  194  15:40  Marauder x2  
  176  15:43  Siege Tank  
  176  15:44  Medivac x2  
  176  15:47  Planetary Fortress, Siege Tank  
  178  15:50  Marine x2  
  178  15:54  Marine  
  178  15:57  Marine x5  
  177  16:00  Marine  
  177  16:01  Marauder, Marine  
  177  16:02  Marauder  
  178  16:07  Marine  
  179  16:16  Marine x2  
  179  16:17  Marine x5  
  186  16:19  Marauder x2, Siege Tank  
  186  16:20  Command Center  
  186  16:22  Marauder, Siege Tank  
  186  16:23  Marauder  
  200  16:35  Command Center  
  200  16:44  Medivac x2  
  200  16:45  Marauder x2  
  198  16:52  Marine x3  
  198  16:53  Marine  
  194  16:58  Siege Tank  
  194  16:59  Siege Tank  
  184  17:02  Marauder x2, Marine x4  
  184  17:06  Marauder, Marine  
  184  17:15  Marine  
  184  17:21  Medivac x2  
  168  17:23  Marauder x2  
  168  17:24  Marauder  
  168  17:26  Marine  
  168  17:27  Marine  
  168  17:28  Marauder  
  176  17:32  Siege Tank  
  176  17:35  Siege Tank  
  182  17:43  SCV x3  
  185  17:44  Marauder  
  185  17:50  Marauder x3, Marine x7  
  174  17:59  Marine  
  174  18:02  Medivac  
  173  18:06  Marauder  
  173  18:08  Medivac  
  173  18:11  Siege Tank  
  173  18:12  Marauder x2, Siege Tank  
  179  18:20  Marauder, Marine x3  
  182  18:27  Marauder  
  182  18:30  Marine  
  182  18:32  Medivac  
  182  18:33  Marauder  
  183  18:38  Marauder  
  183  18:39  Marine  
  161  18:41  Marauder  
  161  18:44  Medivac  
  161  18:45  Planetary Fortress, Siege Tank x2  
  161  18:46  SCV x2  
  161  18:47  SCV  
  163  18:48  Orbital Command  
  163  18:49  Marauder  
  163  18:51  Marine  
  163  18:54  Marauder  
  163  18:55  Marine x6  
  162  18:56  Marine  
  162  18:59  Marine  
  162  19:02  Medivac  
  167  19:13  Marauder x2, Marine x6  
  167  19:14  Marine x2, Medivac  
  167  19:16  Marauder  
  183  19:18  SCV  
  183  19:19  SCV x3  
  187  19:24  Missile Turret  
  185  19:33  Medivac  
  185  19:38  Marauder x4  
  195  19:39  Marine x5  
  195  19:44  Missile Turret  
  200  19:48  Command Center  
  200  19:58  Marine x6  
  200  19:59  Marauder  
  199  20:12  Marine  
  200  20:18  Ghost Academy  
  199  20:21  Refinery  
  199  20:22  Refinery, Marauder  
  199  20:27  Command Center  
  200  20:34  Medivac x2  
  193  20:37  Siege Tank x2  
  193  20:38  Marauder x3, Marine x4  
  193  20:42  Marine x3  
  188  20:51  Marine  
  188  20:52  Marauder  
  188  20:55  Marine  
  188  20:56  Marine x3  
  191  20:59  Marauder x2, Marine  
  191  21:00  Marine x3  
  187  21:09  Marine  
  170  21:11  Medivac  
  170  21:12  Medivac  
  170  21:13  Marauder, Marine  
  170  21:14  Marine x3, Siege Tank x2  
  170  21:17  Marauder  
  188  21:18  Orbital Command  
  188  21:20  Marauder, Marine x3  
  188  21:21  Marauder  
  195  21:27  Marine  
  195  21:31  Marine  
  195  21:32  Marine x2  
  194  21:34  Marauder  
  194  21:39  Marauder  
  198  21:41  Orbital Command, Medivac  
  198  21:42  Medivac  
  196  21:47  Marine x2  
  196  21:48  Marine x2  
  200  22:06  Marauder x2  
  200  22:07  Marauder x2  
  200  22:13  Siege Tank x2  
  200  22:14  Marine  
  200  22:15  Marine x3  
  200  22:28  Marauder  
  200  22:34  Marine x9, Medivac x2  
  200  22:35  Marauder  
  200  22:36  Marauder  
  181  22:49  Marauder  
  183  22:52  Marine x8  
  183  22:53  Marauder  
  183  22:56  Marine  
  183  22:57  Marauder  
  187  23:11  Medivac, Siege Tank x2  
  195  23:14  Marauder x2, Marine  
  200  23:25  Refinery  
  200  23:26  Refinery  
Show
View Real Time Build Order
Export as new Build Order

Scarlett Zerg 

Build Orders: Hatch First, Lurkers 

Get SALT Encoding   

  12  0:00  Drone  
  13  0:12  Overlord  
  13  0:17  Drone  
  14  0:30  Drone x2  
  16  0:47  Hatchery  
  15  0:50  Drone  
  15  0:54  Drone  
  17  0:57  Drone  
  18  1:11  Spawning Pool  
  18  1:16  Drone  
  18  1:20  Drone  
  20  1:32  Drone  
  20  1:42  Overlord  
  20  1:58  Zergling x2  
  20  1:59  Zergling x2  
  20  2:00  Queen x2  
  24  2:04  Zergling x2  
  25  2:12  Zergling x2  
  25  2:13  Zergling x2  
  27  2:24  Zergling x4  
  28  2:36  Drone x2  
  22  2:52  Drone x2  
  23  3:02  Drone x2  
  25  3:09  Queen  
  27  3:13  Drone  
  27  3:15  Drone  
  31  3:22  Drone  
  31  3:26  Drone  
  33  3:31  Drone x2, Overlord  
  33  3:33  Drone  
  34  3:37  Drone  
  34  3:41  Extractor  
  34  3:43  Drone  
  35  3:50  Drone x4  
  35  3:53  Overlord  
  39  4:00  Drone  
  39  4:01  Queen  
  42  4:05  Drone  
  43  4:14  Drone x4  
  47  4:18  Overlord  
  47  4:22  Queen  
  49  4:24  Extractor  
  49  4:25  Overlord  
  47  4:38  Zergling x2  
  47  4:44  Drone x3  
  47  4:45  Drone  
  52  4:51  Hatchery  
  52  4:52  Queen  
  51  4:56  Metabolic Boost  
  51  4:59  Queen  
  55  5:05  Zergling x2  
  55  5:06  Zergling x6  
  59  5:12  Evolution Chamber  
  51  5:24  Drone x8  
  57  5:29  Drone  
  57  5:31  Drone  
  57  5:35  Drone  
  59  5:37  Drone  
  59  5:40  Drone  
  61  5:44  Drone x2  
  63  5:53  Lair  
  65  5:58  Overlord  
  65  5:59  Drone  
  65  6:00  Spore Crawler  
  65  6:02  Drone, Spore Crawler  
  65  6:03  Drone  
  64  6:08  Drone x3  
  67  6:13  Spore Crawler  
  67  6:18  Drone x5  
  71  6:23  Queen  
  73  6:26  Queen  
  73  6:29  Overlord  
  76  6:32  Drone  
  76  6:33  Drone  
  76  6:36  Baneling Nest  
  76  6:38  Drone x2  
  78  6:41  Roach Warren  
  78  6:46  Spore Crawler  
  75  6:47  Zergling x4  
  75  6:53  Drone x2, Extractor  
  78  6:54  Extractor  
  78  6:58  Drone x4  
  78  6:59  Drone  
  82  7:03  Drone x3  
  82  7:06  Drone  
  82  7:07  Drone x2  
  88  7:11  Evolution Chamber  
  88  7:13  Overseer, Infestation Pit  
  86  7:18  Zergling x4  
  88  7:23  Drone, Overlord  
  88  7:28  Extractor x2  
  88  7:29  Overlord  
  87  7:36  Hatchery  
  86  7:39  Drone  
  86  7:40  Drone x2  
  86  7:41  Evolution Chamber  
  89  7:46  Zerg Ground Armor Level 1  
  89  7:47  Drone x11  
  100  8:00  Spore Crawler, Glial Reconstitution  
  100  8:02  Overlord x4  
  99  8:18  Infestation Pit  
  99  8:19  Zerg Missile Weapons Level 1  
  98  8:20  Burrow  
  98  8:24  Hatchery  
  97  8:28  Roach x7  
  111  8:34  Roach x5  
  111  8:35  Roach  
  123  8:47  Overlord, Roach x3  
  123  8:48  Overlord x2  
  129  8:51  Ravager x5  
  129  8:52  Ravager x2  
  152  9:10  Roach x12  
  152  9:15  Roach  
  158  9:19  Overlord  
  158  9:20  Overlord x2  
  148  9:34  Tunneling Claws  
  148  9:36  Drone x3  
  151  9:41  Zerg Ground Armor Level 2  
  151  9:42  Extractor  
  151  9:43  Drone  
  151  9:44  Drone x2  
  153  9:47  Drone x5  
  153  9:48  Drone x6  
  164  9:54  Hatchery  
  164  9:56  Drone x2  
  164  9:59  Pathogen Glands  
  165  10:00  Unknown  
  165  10:04  Drone x6  
  165  10:05  Spore Crawler  
  165  10:06  Extractor  
  168  10:07  Extractor  
  168  10:08  Overlord  
  168  10:13  Roach x3  
  168  10:14  Roach  
  175  10:17  Zerg Missile Weapons Level 2  
  175  10:25  Spore Crawler  
  175  10:26  Spore Crawler x2  
  175  10:28  Infestor x4  
  180  10:41  Spore Crawler  
  179  10:43  Drone x2  
  179  10:44  Overlord  
  179  10:46  Roach  
  179  10:47  Roach x4  
  191  10:54  Overlord  
  180  11:04  Drone x2  
  179  11:12  Spore Crawler  
  179  11:13  Hive  
  179  11:17  Hydralisk Den  
  175  11:19  Nydus Network  
  175  11:24  Drone x5, Spore Crawler  
  178  11:26  Ravager  
  178  11:27  Ravager x9  
  178  11:30  Roach x5  
  178  11:31  Overlord  
  198  11:43  Roach x4  
  178  11:53  Roach x2  
  178  11:54  Roach x7  
  175  11:59  Drone  
  175  12:00  Drone x2  
  172  12:12  Drone x4  
  172  12:13  Drone x3, Ravager  
  172  12:15  Lurker Den  
  179  12:16  Spore Crawler  
  179  12:22  Roach x6  
  190  12:32  Overseer  
  190  12:34  Overlord x2  
  190  12:48  Zerg Missile Weapons Level 3, Zerg Ground Armor Level 3  
  190  12:52  Muscular Augments  
  190  12:53  Viper x3  
  199  13:05  Ravager  
  192  13:07  Roach x3  
  198  13:18  Seismic Spines  
  194  13:26  Hydralisk x2  
  194  13:30  Spine Crawler  
  194  13:31  Spine Crawler x2  
  195  13:37  Hatchery, Hydralisk x2  
  195  13:38  Extractor x2  
  181  13:59  Nydus Canal  
  181  14:03  Grooved Spines  
  181  14:05  Hydralisk x7, Lurker x3  
  198  14:15  Adaptive Talons  
  196  14:24  Hydralisk, Lurker  
  175  14:44  Hydralisk x4  
  175  14:45  Hydralisk x5  
  185  14:50  Drone x2  
  187  14:54  Hydralisk x6  
  193  15:32  Hydralisk x4  
  181  15:48  Drone x2, Spine Crawler  
  182  15:50  Spine Crawler  
  181  16:06  Lurker x17  
  181  16:07  Lurker x2  
  181  16:10  Spine Crawler  
  181  16:11  Extractor, Spine Crawler x2, Hatchery  
  192  16:26  Hydralisk x4  
  169  16:56  Hydralisk x10  
  169  16:57  Hydralisk x2  
  180  17:10  Hydralisk x4  
  141  17:26  Hydralisk x5  
  147  17:36  Hydralisk, Lurker x7  
  147  17:37  Hydralisk x7  
  154  17:43  Unknown  
  170  17:44  Drone x2  
  171  17:51  Hydralisk x4  
  171  17:52  Hydralisk x2  
  171  17:56  Hydralisk x2  
  162  18:04  Spore Crawler  
  162  18:05  Extractor, Hydralisk x3  
  165  18:11  Hydralisk x3  
  165  18:17  Hydralisk  
  165  18:18  Hydralisk x2  
  153  18:21  Hydralisk x2  
  149  18:27  Hydralisk x3  
  149  18:32  Hydralisk x2  
  149  18:33  Zergling x2  
  153  18:38  Hydralisk x3  
  133  18:51  Hydralisk x5  
  139  18:57  Lurker  
  139  18:59  Hatchery  
  139  19:08  Drone x10  
  139  19:09  Zerg Melee Weapons Level 1  
  149  19:16  Zergling x2, Lurker x2  
  149  19:17  Zergling x2  
  153  19:19  Overlord  
  153  19:22  Hatchery, Lurker x2  
  153  19:23  Zergling x4  
  156  19:24  Queen  
  156  19:28  Spine Crawler  
  156  19:29  Spine Crawler  
  156  19:30  Spine Crawler  
  151  19:33  Viper  
  151  19:35  Zergling x8  
  158  19:39  Lurker  
  159  19:46  Hydralisk x2  
  159  19:47  Zergling x8  
  166  19:54  Zergling x8  
  166  19:56  Queen  
  166  19:59  Extractor  
  162  20:01  Extractor  
  162  20:06  Overlord  
  160  20:07  Overseer x2  
  160  20:09  Lurker x3  
  160  20:10  Zergling x10  
  157  20:22  Zergling x2  
  157  20:23  Zergling x14  
  157  20:28  Zergling x4  
  152  20:42  Zergling x12  
  130  21:00  Hydralisk x2  
  130  21:01  Hydralisk  
  130  21:02  Hydralisk x6  
  137  21:06  Hatchery  
  137  21:10  Viper  
  130  21:18  Lurker  
  130  21:19  Lurker x2  
  132  21:29  Hydralisk x3  
  132  21:38  Lurker x2, Viper  
  137  21:42  Queen  
  137  21:54  Lurker x2  
  138  22:01  Viper  
  141  22:12  Hydralisk x2  
  135  22:29  Zergling x26  
  121  22:37  Hydralisk  
  121  22:39  Hydralisk  
  121  22:42  Hydralisk  
  121  22:43  Hydralisk x2  
  101  22:50  Zergling x2  
  99  23:02  Drone  
  99  23:05  Lurker  
  101  23:15  Zergling x28  
  114  23:29  Lurker  
  117  23:37  Zergling x8  
Tags
 
Add a new tag
Caveats
  • Supply blocks, unpowered buildings, or Contaminate may cause inaccurate times.
  • Supply counts are checked every 10 seconds.